 Dungeon Crawl Stone Soup version 0.24-a0-613-g1ff6aac338 (webtiles) character file.

Game seed: 16584749173331269490, levelgen mode: deterministic

48 Ishchenko the Shield-Bearer (level 4, -5/35 HPs)
             Began as a Human Fighter on Sept 10, 2019.
             Slain by an orc
             ... wielding a +0 trident
              (6 damage)
             ... on level 2 of the Dungeon.
             The game lasted 00:04:33 (1138 turns).

Ishchenko the Shield-Bearer (Human Fighter)         Turns: 1138, Time: 00:04:34

Health: -5/35      AC:  8    Str: 23    XL:     4   Next: 0%
Magic:  4/4        EV:  7    Int:  8    God:
Gold:   43         SH:  9    Dex: 12    Spells: 3/3 levels left

rFire    . . .     SeeInvis .   a - +0 long sword
rCold    . . .     Gourm    .   c - +0 shield
rNeg     . . .     Faith    .   b - +0 scale mail
rPois    .         Spirit   .   (no helmet)
rElec    .         Reflect  .   (no cloak)
rCorr    .         Harm     .   k - +0 pair of gloves
MR       .....                  (no boots)
Stlth    ..........             (no amulet)
HPRegen  0.11/turn              (no ring)
MPRegen  0.09/turn              (no ring)

@: mighty
A: no striking features
a: no special abilities


You were on level 2 of the Dungeon.
You were not hungry.

You visited 1 branch of the dungeon, and saw 2 of its levels.

You collected 43 gold pieces.

Inventory:

Hand Weapons
 a - a +0 long sword (weapon)
Armour
 b - a +0 scale mail (worn)
 c - a +0 shield (worn)
 k - a +0 pair of gloves (worn)
Jewellery
 e - an uncursed ring of protection from cold {unknown}
Scrolls
 i - 3 scrolls of random uselessness {unknown}
 j - 2 scrolls of identify {unknown}
Potions
 l - 2 potions of degeneration {unknown}
Comestibles
 f - a ration
 g - 2 chunks of flesh


   Skills:
 + Level 3.3 Fighting
 + Level 3.0 Long Blades
 + Level 3.2 Armour
 + Level 0.2 Dodging
 + Level 3.3 Shields


You had 3 spell levels left.
You didn't know any spells.
Your spell library was empty.

Dungeon Overview and Level Annotations

Branches:
Dungeon (2/15)

Altars:


Message History

You block the orc's attack. The adder barely misses you.
You closely miss the adder.
The adder is moderately wounded.
The orc hits you from afar with a +0 trident.
The adder bites you. You block the orc's attack.
You closely miss the adder.
The adder is moderately wounded.
You block the adder's attack. The orc hits you but does no damage.
The orc hits you from afar with a +0 trident.
* * * LOW HITPOINT WARNING * * *
The adder bites you but does no damage.
You slash the adder!
You kill the adder!
You have reached level 4!
You feel stronger. You block the orc's attack.
The orc hits you from afar with a +0 trident!
* * * LOW HITPOINT WARNING * * *
The orc hits you from afar with a +0 trident.
You die...

.............#
.........##### ##
.......#.## ...
..........#### ##...
........#....## ##[....
........####..####.......
..###..# ##............ #
#...########(.....#
#.#...@.oo....†...#
......###oo...##.#...#
####. #..##### .# #... #
#...## .# . .[.## ## ###


You could see 4 orcs.

Vanquished Creatures
  An adder (D:2)
  A gnoll (D:1)
  A giant cockroach (D:1)
  4 goblins
  2 hobgoblins
  4 jackals (D:1)
  4 kobolds (D:1)
  A ball python (D:1)
  5 bats (D:1)
  2 frilled lizards (D:2)
  7 rats
32 creatures vanquished.

Notes
Turn   | Place    | Note
-------+----------+-------------------------------------------
     0 | D:1      | Ishchenko the Human Fighter began the quest for the Orb.
     0 | D:1      | Reached XP level 1. HP: 18/18 MP: 1/1
    49 | D:1      | Reached XP level 2. HP: 11/24 MP: 2/2
   638 | D:1      | Reached XP level 3. HP: 28/29 MP: 3/3
  1138 | D:2      | Reached XP level 4. HP: 8/35 MP: 4/4
  1138 | D:2      | HP: 1/35 [orc/+0 trident (7)]
  1138 | D:2      | Slain by an orc

Levels and vault maps discovered:
D:1:      minmay_arrival_five_plusses, layout_basic
D:2:      layout_rooms, first_ration, uniq_sigmund

Skill      XL: |  1  2  3 |
---------------+----------+-----
Long Blades    | 3 |  3.0
Fighting       | |  3.3
Armour         | |  3.2
Dodging        | |  0.2
Shields        | |  3.3

Action                   |  1- 3 |  4- 6 || total
-------------------------+-------+-------++-------
Melee: Long sword        |   109 |       ||   109
  Use: Potion            |     2 |       ||     2
  Eat: Chunk             |     1 |       ||     1
Armor: Scale mail        |    66 |       ||    66
Dodge: Dodged            |    36 |       ||    36
Block: Shield            |    79 |     1 ||    80
       Rpst.: Long sword |     9 |       ||     9

Table legend:
 A = Non-vault XP
 B = Vault XP
 C = Vault XP percentage of total XP
 D = Non-vault monster count
 E = Vault monster count
 F = Vault count percentage of total count
                 A         B        C        D         E       F
            +---------+---------+-------+---------+---------+-------
      Total |      69 |       0 |   0.0 |      32 |       0 |   0.0
            +---------+---------+-------+---------+---------+-------
        D:1 |      49 |       0 |   0.0 |      25 |       0 |   0.0
        D:2 |      20 |       0 |   0.0 |       7 |       0 |   0.0
            +---------+---------+-------+---------+---------+-------
